Map: Blackpink LE

Players

Honor - Winner!

  • Race: Protoss Protoss
  • League: Master
  • Spawn Location: 1:00

A.I. 1 (Elite)

  • Race: Zerg Zerg
  • Spawn Location: 7:00

VOD

Have the link to the VOD?

Description

Time

  • Played on: Dec. 7, 2017, 5:41 a.m.
  • Length: 6:13
Show
View Real Time Build Order
Export as new Build Order

Honor Protoss - Winner!

Build Orders: Mass Adepts 

Get SALT Encoding   

  12  0:00  Probe  
  13  0:13  Probe  
  14  0:18  Pylon  
  14  0:25  Probe  
  15  0:37  Probe (Chrono Boost)  
  15  0:38  Gateway  
  16  0:47  Assimilator  
  16  0:49  Probe (Chrono Boost)  
  17  0:51  Probe  
  18  1:03  Probe  
  19  1:05  Gateway  
  19  1:25  Cybernetics Core  
  19  1:31  Gateway  
  19  1:34  Zealot  
  21  1:42  Pylon  
  21  2:01  Adept (Chrono Boost)  
  21  2:02  Adept (Chrono Boost)  
  25  2:18  Adept x2  
  25  2:19  Adept  
  31  2:22  Pylon  
  31  2:45  Adept (Chrono Boost)  
  31  2:47  Adept (Chrono Boost)  
  31  2:48  Adept (Chrono Boost)  
  31  2:49  Pylon  
  37  3:12  Adept (Chrono Boost)  
  43  3:20  Pylon  
  43  3:21  Adept x2 (Chrono Boost)  
  43  3:29  Adept  
  45  3:39  Adept  
  45  3:40  Adept  
  49  3:47  Pylon  
  49  3:56  Adept (Chrono Boost)  
  49  4:17  Adept x2 (Chrono Boost)  
  47  4:23  Adept (Chrono Boost)  
  49  4:34  Adept  
  49  4:36  Adept  
  53  4:40  Adept  
  53  4:41  Pylon  
  55  5:01  Adept (Chrono Boost)  
  59  5:09  Adept (Chrono Boost)  
  59  5:17  Adept (Chrono Boost)  
  57  5:28  Adept (Chrono Boost)  
  57  5:35  Adept (Chrono Boost)  
  57  5:40  Adept  
  59  5:45  Adept  
  59  5:49  Pylon  
Show
View Real Time Build Order
Export as new Build Order

A.I. 1 (Elite) Zerg 

Build Orders: Hatch First 

Get SALT Encoding   

  12  0:00  Drone  
  13  0:12  Overlord  
  13  0:17  Drone  
  14  0:30  Drone x2  
  14  0:34  Drone  
  17  0:54  Hatchery  
  17  0:56  Drone  
  17  1:11  Spawning Pool  
  17  1:13  Drone  
  17  1:17  Extractor  
  16  1:19  Drone  
  16  1:24  Drone  
  18  1:27  Drone  
  19  1:38  Overlord  
  19  1:49  Drone  
  20  1:59  Zergling x2  
  20  2:01  Queen  
  21  2:06  Drone  
  24  2:09  Queen  
  26  2:18  Drone  
  27  2:32  Roach Warren  
  27  2:34  Extractor  
  27  2:35  Drone  
  26  2:37  Drone  
  27  2:45  Overlord  
  27  2:48  Drone  
  28  2:51  Drone  
  28  2:54  Drone  
  28  2:57  Drone  
  31  3:00  Drone  
  31  3:04  Zergling x2  
  33  3:08  Zergling x2  
  33  3:12  Roach  
  36  3:16  Roach  
  38  3:21  Roach  
  38  3:25  Roach  
  43  3:27  Drone  
  43  3:29  Drone  
  44  3:36  Overlord  
  44  3:43  Lair  
  44  3:48  Metabolic Boost  
  44  3:53  Overlord  
  44  3:55  Zergling x2  
  44  3:58  Zergling x2  
  44  4:00  Zergling x2  
  44  4:02  Drone  
  45  4:09  Queen  
  43  4:13  Roach  
  43  4:17  Roach  
  41  4:18  Zergling x2  
  41  4:23  Zergling x2  
  42  4:28  Zergling x2  
  42  4:32  Zergling x2  
  42  4:37  Zergling x2  
  42  4:44  Roach  
  42  4:52  Roach  
  41  4:59  Zergling x2  
  30  5:33  Roach  
  29  5:36  Zergling x2  
  29  5:41  Zergling x2  
  29  5:42  Roach  
  32  5:43  Hydralisk Den  
Tags
 
Composition
Mass Adepts
League
Master
Matchup
PvZ
Spawn Locations
Cross Positions
Add a new tag
Caveats
  • Supply blocks, unpowered buildings, or Contaminate may cause inaccurate times.
  • Supply counts are checked every 10 seconds.